 Dungeon Crawl Stone Soup version 0.32-a0-685-g93135e86f0 (webtiles) character file.

Game seed: 6315476028348136700

61 Goblin1989 the Sneak (level 3, 0/18 (29) HPs)
             Began as a Demonspawn Delver on Mar 12, 2024.
             Slain by Terence
             ... wielding a +0 mace of draining
              (2 damage)
             ... on level 2 of the Dungeon.
             The game lasted 00:06:00 (1473 turns).

Goblin1989 the Sneak (Demonspawn Delver)            Turns: 1473, Time: 00:06:00

HP:   0/18 (29)     AC:  5    Str: 12    XL:     3   Next: 83%
MP:   3/3           EV: 11    Int: 10    God:
Gold: 99            SH:  0    Dex: 16    Spells: 2/2 levels left

rFire   . . .        a - +0 short sword
rCold   . . .        (no shield)
rNeg    . . .        b - +0 leather armour
rPois   .            (no helmet)
rElec   .            (no cloak)
rCorr   .            (no gloves)
SInv    .            h - +1 pair of boots
Will    +....        (no amulet)
Stlth   +++          (no ring)
HPRegen 0.23/turn    (no ring)
MPRegen 0.08/turn

%: no passive effects
@: enlightened, flying, very heavily drained
A: hooves 1
a: no special abilities


You were on level 2 of the Dungeon.
You visited 1 branch of the dungeon, and saw 5 of its levels.

You collected 99 gold pieces.

Inventory:

Hand Weapons
 a - a +0 short sword (weapon)
Missiles
 i - 31 stones (quivered)
 m - 4 poisoned darts
Armour
 b - a +0 leather armour (worn)
 h - a +1 pair of boots (worn)
Jewellery
 l - a ring of magical power
 s - a ring of fire
 t - a ring of ice
Wands
 g - a wand of digging (3) {@v3}
Scrolls
 c - a scroll of fog
 d - a scroll of revelation
 e - a scroll of fear
 n - a scroll of brand weapon {unknown}
 r - 2 scrolls of teleportation {unknown}
Potions
 f - a potion of haste {@q3,}
 j - a potion of heal wounds {@q2}
 o - 2 potions of degeneration {unknown}
 p - a potion of might {unknown}
 q - 2 potions of curing {unknown}


   Skills:
 - Level 3.0 Fighting
 * Level 3.0 Short Blades
 + Level 0.0 Throwing
 - Level 1.7 Dodging
 + Level 5.2 Stealth


You had 2 spell levels left.
You didn't know any spells.
Your spell library contained the following spells:

 Spells                   Type           Power      Damage    Failure   Level
 Animate Dead             Necr           0%         N/A       99%         4
 Borgnjor's Vile Clutch   Necr/Erth      0%         N/A       100%        5
 Death Channel            Necr           0%         N/A       100%        6


Dungeon Overview and Level Annotations

Branches:
Dungeon (5/15) Zot: 26327
 Temple: D:4-7

Altars:

Annotations:
D:2 Terence


Innate Abilities, Weirdness & Mutations

You have large cloven feet.


Message History

The giant cockroach misses you.
You hit the giant cockroach.
You kill the giant cockroach!
Your Short Blades skill increases to level 3!
No target in view!
No target in view!
No target in view!
No target in view!
No target in view!
No target in view!
No target in view!
No target in view!
No target in view!
No target in view!
No target in view!
No target in view!
No target in view!
No target in view!
No target in view!
No target in view!
i - 31 stones (gained 3) Terence the Incautious comes into view.
He is wielding a +0 mace of draining.
Terence is nearby!
Terence is nearby!
You hit Terence.
Terence is lightly wounded.
Terence closely misses you.
You barely miss Terence.
Terence is lightly wounded.
You hit Terence.
Terence is moderately wounded.
Terence hits you with a +0 mace of draining.
You feel drained.
You take 4 damage, and have 25/28 hp.
You hit Terence but do no damage.
Terence is moderately wounded.
Terence barely misses you.
You barely miss Terence.
Terence is moderately wounded.
Terence closely misses you.
You hit Terence but do no damage.
Terence is moderately wounded.
Terence hits you with a +0 mace of draining.
You feel drained.
You take 7 damage, and have 19/27 hp.
MASSIVE DAMAGE!!
You barely miss Terence.
Terence is moderately wounded.
Terence hits you with a +0 mace of draining.
You feel drained.
You take 6 damage, and have 13/26 hp.
MASSIVE DAMAGE!!
You are too injured to fight recklessly!
You are too injured to fight recklessly!
You are too injured to fight recklessly!
You are too injured to fight recklessly!
You are too injured to fight recklessly!
You are too injured to fight recklessly!
You are too injured to fight recklessly!
You are too injured to fight recklessly!
You are too injured to fight recklessly!
Terence is nearby!
You hit Terence.
Terence is moderately wounded.
You hit Terence.
Terence is heavily wounded.
Terence hits you with a +0 mace of draining!
* * * LOW HITPOINT WARNING * * *
You feel drained.
* * * LOW HITPOINT WARNING * * *
You take 8 damage, and have 6/25 hp.
MASSIVE DAMAGE!!
You closely miss Terence.
Terence is heavily wounded.
Terence hits you with a +0 mace of draining.
* * * LOW HITPOINT WARNING * * *
You feel drained.
You take 4 damage, and have 2/24 hp.
Terence attacks as he pursues you!
Terence hits you with a +0 mace of draining.
* * * LOW HITPOINT WARNING * * *
You feel drained.
You take 1 damage, and have 1/23 hp.
It was a potion of heal wounds.
You feel much better.
Terence hits you with a +0 mace of draining.
You feel drained.
You regained 15 hp, and now have 16/21 hp.
It was a potion of enlightenment.
You feel very buoyant.
You fly up into the air.
Terence hits you with a +0 mace of draining.
You feel drained.
You take 6 damage, and have 10/19 hp.
MASSIVE DAMAGE!!
You hit Terence.
Terence is severely wounded.
Terence closely misses you.
You barely miss Terence.
Terence is severely wounded.
Terence hits you with a +0 mace of draining!
* * * LOW HITPOINT WARNING * * *
You feel drained.
You die...
Terence says, "Time to find some more victims."

.......██..ß...ß..██
.......†██.......██
█........██.....██
██.....█.██.███.█
.......█.██.█ █.█
██████.█.██.███.█
█.█.......†█
█.████.█████
█.@@...█ █.██████
█.█ █.█ ..█ .███ █.
█


You could see Terence.

Vanquished Creatures
  An adder (D:2)
  A ribbon worm (D:4)
  8 endoplasms
  2 giant cockroaches
  4 goblins
  5 hobgoblins
  2 jackals (D:3)
  5 quokkas
  A ball python (D:1)
  6 bats
  3 frilled lizards
  2 kobolds
  2 rats
42 creatures vanquished.

Notes
Turn   | Place    | Note
-------+----------+-------------------------------------------
     0 | D:5      | Goblin1989 the Demonspawn Delver began the quest for the
                  | Orb.
     0 | D:5      | Reached XP level 1. HP: 18/18 MP: 1/1
   193 | D:4      | Noticed an orc wizard
   289 | D:3      | Gained mutation: You have large cloven feet. [demonic
                  | ancestry]
   289 | D:3      | Reached XP level 2. HP: 21/24 MP: 2/2
   793 | D:2      | Reached skill level 5 in Stealth
   816 | D:1      | Reached XP level 3. HP: 29/29 MP: 3/3
   828 | D:1      | Found a faded altar of an unknown god.
  1454 | D:2      | Noticed Terence
  1469 | D:2      | HP: 1/24 [Terence/+0 mace of draining (2)]
  1473 | D:2      | Slain by Terence

Illustrated notes

Levels and vault maps discovered:
D:1:      lightli_arrival_farm, layout_rooms,
          hellmonk_ecumenical_altar_heavens_door
D:2:      layout_loops_corners, basic_altar, nicolae_hexahallways,
          grunt_ministairs_10, uniq_jessica, uniq_terence
D:3:      layout_loops_cross, mainiacjoe_overflow_alcove_2
D:4:      layout_basic, lemuel_tele_altar, uniq_menkaure,
          uniq_crazy_yiuf_cottage, uniq_blork_the_orc
D:5:      layout_loops_cross, kennysheep_vampire_church,
          nicolae_hepliaklqana_hazy_memory, serial_glass, glass_columns_a,
          glass_columns_a, glass_columns_c, glass_columns_c, glass_columns_a,
          glass_columns_a, minmay_strange_pillars, item_on_display_a,
          item_on_display_b, uniq_pikel

Skill      XL: |  1  2  3 |
---------------+----------+-----
Short Blades   | 2 3 |  3.0
Stealth        | 5 |  5.2
Fighting       | |  3.0
Dodging        | |  1.7

Action                     || total
---------------------------++-------
  Melee: Short sword       ||   171
         Kick              ||     4
    Use: Potion            ||     2
   Stab: Sleeping          ||     6
         Distracted        ||     1
 Armour: Leather armour    ||    74
  Dodge: Dodged            ||    98

Table legend: (Time is in decaauts)
 A = Elapsed time spent in this place.
 B = Non-inter-level travel time spent in this place.
 C = Inter-level travel time spent in this place.
 D = Time resting spent in this place.
 E = Time spent auto-exploring this place.
 F = Levels seen in this place.
 G = Mean time per level.
                   A        B        C        D        E       F      G
               +--------+--------+--------+--------+--------+-----+--------+
         Total |   1471 |   1447 |     24 |    135 |    593 |   5 |  294.2 |
       Dungeon |   1471 |   1447 |     24 |    135 |    593 |   5 |  294.2 |
               +--------+--------+--------+--------+--------+-----+--------+

Top non-repeatable levels by time:
     D:1: 594 daAuts
     D:2: 385 daAuts
     D:3: 298 daAuts
     D:4: 183 daAuts
     D:5: 9 daAuts
